 Dungeon Crawl Stone Soup version 0.22-a0-322-g60b3cfd (webtiles) character file.

6351 grindst0ne the Fighter (level 11, -5/90 HPs)
             Began as a Human Artificer on Apr 4, 2018.
             Was a Priest of Ru.
             Killed from afar by a gargoyle (20 damage)
             ... with a stone arrow
             ... on level 9 of the Dungeon.
             The game lasted 00:33:54 (12946 turns).

grindst0ne the Fighter (Human Artificer)           Turns: 12946, Time: 00:33:55

Health: -5/90      AC: 10    Str: 15    XL:     11   Next: 17%
Magic:  5/17       EV: 10    Int: 14    God:    Ru [***...]
Gold:   273        SH:  0    Dex: 14    Spells: 1/10 levels left

rFire    x . .     SeeInvis .   q - +2 flail (holy)
rCold    . . .     Gourm    .   (no shield)
rNeg     . . .     Faith    .   z - +2 leather armour "Qahab" {rC+ Regen+}
rPois    .         Spirit   .   n - +0 helmet
rElec    .         Reflect  .   (no cloak)
rCorr    +         Harm     .   a - +0 pair of gloves
MR       .....                  M - +2 pair of boots {run}
Stlth    +.........             (no amulet)
HPRegen  0.65/turn              C - ring of resist corrosion
MPRegen  0.15/turn              L - +2 ring of intelligence

@: very slightly contaminated, heavily drained, quick
A: temperature sensitive
a: Draw Out Power, Renounce Religion


You were on level 9 of the Dungeon.
You worshipped Ru.
Ru was most pleased with you.
You were very hungry.

You visited 2 branches of the dungeon, and saw 10 of its levels.
You also visited: Ossuary.

You collected 483 gold pieces.
You spent 210 gold pieces at shops.

Inventory:

Hand Weapons
 q - a +2 flail of holy wrath (weapon)
 s - a +2 whip of freezing
 B - a +0 rapier of protection
 N - a +0 dagger of venom
Missiles
 h - 3 javelins (quivered)
 p - 43 poisoned needles
 H - 7 silver javelins
 P - 4 tomahawks
Armour
 a - a +0 pair of gloves (worn)
 c - a +1 buckler of positive energy
 k - a +0 chain mail
 n - a +0 helmet (worn)
 z - the +2 leather armour "Qahab" (worn) {rC+ Regen+}
   (You found it on level 5 of the Dungeon)

   It protects you from cold.
   It increases your rate of regeneration.
 A - a +1 plate armour of fire resistance
 M - a +2 pair of boots of running (worn)
Jewellery
 C - a ring of resist corrosion (left hand)
 L - a +2 ring of intelligence (right hand)
Wands
 d - a wand of enslavement (8)
 F - a wand of polymorph (6)
Scrolls
 g - 2 scrolls of fog
 j - 4 scrolls of teleportation
 o - 3 scrolls of enchant weapon
 u - 2 scrolls of remove curse
 x - a scroll of fear
 y - a scroll of magic mapping
 I - 2 scrolls of identify
 J - 2 scrolls of amnesia {unknown}
 K - 5 scrolls of enchant armour {unknown}
Potions
 b - a potion of heal wounds
 i - a potion of ambrosia
 m - 7 potions of curing
 r - 2 potions of resistance
 t - 3 potions of agility
 v - 5 potions of brilliance
 D - a potion of cancellation {unknown}
 G - a potion of haste {unknown}
 O - 2 potions of flight {unknown}
Comestibles
 f - 16 rations


   Skills:
 + Level 10.1(7.3) Fighting
 - Level 1.0(0.0) Short Blades
 - Level 2.0(0.0) Dodging
 - Level 1.0(0.0) Stealth
 - Level 7.0(4.4) Hexes
 + Level 6.3(3.7) Summonings
 - Level 9.0(6.2) Evocations


You had one spell level left.
You knew the following spells:

 Your Spells              Type           Power        Failure   Level  Hunger
a - Confuse               Hex            ##......     17%         3    ####...
b - Summon Lightning Spi  Summ/Air       #.......     86%         4    #####..
c - Call Imp              Summ           ##......     12%         2    ###....


Dungeon Overview and Level Annotations

Branches:
Dungeon (9/15)             Temple (1/1) D:7
   Lair: D:8-11         Orc: D:9-12

Altars:
Ashenzari
Dithmenos
Elyvilon
Fedhas
Gozag
Kikubaaqudgha
Makhleb
Nemelex Xobeh
Okawaru
Qazlal
Ru
Sif Muna
Trog
Uskayaw
Wu Jian
Xom
Yredelemnul
Zin
The Shining One

Shops:
D:6 [

Annotations:
D:4 1 runed door


Innate Abilities, Weirdness & Mutations

You are sensitive to extremes of temperature. (rF-, rC-)


Message History

The black bear is severely wounded.
The black bear begins to attack, but is stunned by your will!
The gargoyle hurls a stone arrow at you.
The stone arrow hits you!
* * * LOW HITPOINT WARNING * * *
You hit the black bear.
The black bear is almost dead.
The black bear goes berserk!
You hit the black bear but do no damage.
The black bear is almost dead.
The black bear bites you but does no damage.
The black bear claws you but does no damage.
The black bear barely misses you. The black bear bites you!
* * * LOW HITPOINT WARNING * * *
The black bear claws you.
* * * LOW HITPOINT WARNING * * *
The black bear claws you but does no damage.
The gargoyle hurls a stone arrow at you.
The stone arrow hits you!
You die...

#.......########.P..........##
# ##......# #P....P......# #
#.#.##.# #..P..P...P## #
#.#.##.# ###......### #
#.#..#.# ##########..###### #
#.##.#.# #....
..###.##...##### #?##.#.#
#.<.. ♣.♣♣#.#.........
#......#
#....♣#'#♣............
###...##
#...h@'_9...#......... #.#.#
#....♣#'#♣..##...##### #..[#
##### ♣.♣♣######## ### #.###
### ###.#.# #.. #÷# #.> ...#.#
#.. #.# #.# #.##.# #.. #.###
#.#####.##.####.#...... #...#
#.##..............###.. ###.##
#.##.##.###.####..# #..


You could see a black bear (berserk) and a gargoyle.

Vanquished Creatures
  Pikel (D:7)
  A spriggan (D:7)
  3 wyverns (D:8)
  4 yaks (D:9)
  Edmund (D:6)
  2 porcupines (D:9)
  3 orc warriors
  4 slaves (D:6)
  3 sky beasts
  The ghost of 4thArraOfDagon the Skirmisher, an amateur HOAE of Fedhas (D:7)
  A phantom (D:7)
  3 ogres
  2 centaurs
  A big kobold (D:6)
  5 bullfrogs
  2 water moccasin zombies (Ossuary)
  A wyvern skeleton (D:8)
  3 scorpions
  9 wights
  3 killer bees
  7 electric eels (D:8)
  A howler monkey (D:4)
  3 crimson imps (D:4)
  A quasit (D:9)
  A bullfrog zombie (D:9)
  A bullfrog skeleton (D:7)
  7 hounds
  2 centaur skeletons (D:7)
  4 orc priests
  4 iguanas
  6 orc wizards
  A human skeleton (D:4)
  11 worker ants
  3 big kobold zombies (Ossuary)
  A hound zombie (D:7)
  2 mummies (Ossuary)
  A worker ant zombie (D:8)
  Robin (D:2)
  3 gnolls (D:7)
  9 adders
  3 shadow imps
  An ooze (D:5)
  9 adder zombies (Ossuary)
  3 worms
  3 dart slugs
  5 leopard geckos
  23 orcs
  9 bats
  4 giant cockroaches
  3 gnoll zombies (Ossuary)
  13 goblins
  9 hobgoblins
  12 jackals
  5 quokkas
  4 ball pythons
  5 frilled lizards
  3 hobgoblin zombies (Ossuary)
  12 kobolds
  4 kobold zombies (Ossuary)
  3 orc zombies (Ossuary)
  A quokka skeleton (D:7)
  6 rats
262 creatures vanquished.

Vanquished Creatures (collateral kills)
  4 killer bees
  A quasit (D:6)
  An orc priest (D:6)
6 creatures vanquished.

Vanquished Creatures (others)
  An ice beast (D:9)
  4 killer bees
  A worker ant (D:8)
  An orc (D:8)
  13 fungi (D:9)
  8 plants
28 creatures vanquished.

Grand Total: 296 creatures vanquished

Notes
Turn   | Place    | Note
-------+----------+-------------------------------------------
     0 | D:1      | grindst0ne the Human Artificer began the quest for the Orb.
     0 | D:1      | Reached XP level 1. HP: 15/15 MP: 3/3
   137 | D:1      | Reached XP level 2. HP: 12/21 MP: 4/4
   997 | D:2      | Reached skill level 2 in Fighting
   997 | D:2      | Reached XP level 3. HP: 27/27 MP: 5/5
  1104 | D:2      | Noticed Robin
  1524 | D:2      | HP: 1/28 [goblin/club[Robin] (3)]
  1532 | D:2      | Reached XP level 4. HP: 3/34 MP: 6/6
  1533 | D:2      | HP: 1/34 [goblin[Robin] (2)]
  1892 | D:2      | Killed Robin
  2175 | D:2      | Found a blossoming altar of Fedhas.
  2223 | D:2      | Found a shattered altar of Ashenzari.
  2406 | D:3      | Reached skill level 3 in Fighting
  2597 | D:3      | Learned a level 3 spell: Confuse
  2634 | D:3      | Reached XP level 5. HP: 23/41 MP: 8/8
  3262 | D:4      | Found a sand-covered staircase.
  3270 | Ossuary  | Entered an ossuary
  3304 | Ossuary  | Reached skill level 1 in Hexes
  3445 | Ossuary  | Reached XP level 6. HP: 23/47 MP: 9/9
  3838 | Ossuary  | Reached skill level 4 in Fighting
  3847 | Ossuary  | Reached skill level 5 in Evocations
  4274 | D:4      | Found a runed door.
  4274 | D:4      | Noticed a human
  4280 | D:4      | Reached XP level 7. HP: 45/54 MP: 10/10
  4451 | D:4      | Found a basalt altar of Yredelemnul.
  4793 | D:4      | Found a shimmering altar of Xom.
  5203 | D:4      | Reached skill level 5 in Fighting
  5437 | D:4      | Reached XP level 8. HP: 49/62 MP: 12/12
  5895 | D:5      | Entered Level 5 of the Dungeon
  6486 | D:5      | Got a heavily runed leather armour
  6499 | D:5      | Identified the +2 leather armour "Qahab" {rC+ Regen+} (You found it on level 5 of the Dungeon)
  6836 | D:5      | Found an ornate altar of the Wu Jian Council.
  7012 | D:6      | Reached skill level 6 in Fighting
  7036 | D:6      | Reached skill level 5 in Hexes
  7365 | D:6      | Reached XP level 9. HP: 12/69 MP: 9/14
  7668 | D:6      | Found Hahuem's Antique Armour Shoppe.
  7677 | D:6      | Bought a pair of runed boots for 210 gold pieces
  7687 | D:6      | Identified a +2 pair of boots of running (You bought it in a shop on level 6 of the Dungeon)
  7742 | D:6      | Noticed Edmund
  7767 | D:6      | Killed Edmund
  8017 | D:7      | Found a staircase to the Ecumenical Temple.
  8096 | D:7      | Noticed 4thArraOfDagon's ghost (amateur HOAE)
  8116 | D:7      | Killed 4thArraOfDagon's ghost
  8285 | D:6      | Reached skill level 7 in Fighting
  8369 | D:7      | Noticed Pikel
  8503 | D:7      | Killed Pikel
  8528 | Temple   | Entered the Ecumenical Temple
  8629 | Temple   | Became a worshipper of Ru the Awakened
  8822 | D:7      | Reached XP level 10. HP: 80/80 MP: 16/16
  9036 | D:7      | Learned a level 4 spell: Summon Lightning Spire
  9039 | D:7      | Learned a level 2 spell: Call Imp
  9231 | D:7      | Reached skill level 1 in Summonings
  9279 | D:7      | Reached skill level 8 in Fighting
  9450 | D:7      | Found a shattered altar of Ashenzari.
  9566 | D:7      | HP: 3/80 [spriggan baker/dagger (12)]
 10004 | D:8      | Gained mutation: You are sensitive to extremes of temperature. (rF-, rC-) [Ru sacrifice]
 10004 | D:8      | Reached * piety under Ru
 10004 | D:8      | Reached ** piety under Ru
 10004 | D:8      | Reached *** piety under Ru
 10887 | D:8      | Reached skill level 9 in Fighting
 11498 | D:8      | Found a stormy altar of Qazlal.
 11780 | D:9      | Reached skill level 5 in Summonings
 11926 | D:9      | Reached XP level 11. HP: 49/89 MP: 12/17
 12098 | D:9      | Found a basalt altar of Yredelemnul.
 12129 | D:9      | HP: 2/90 [wight/halberd of freezing (7)]
 12650 | D:9      | Reached skill level 10 in Fighting
 12869 | D:9      | Found an ancient bone altar of Kikubaaqudgha.
 12933 | D:9      | Found a shadowy altar of Dithmenos.
 12946 | D:9      | Killed from afar by a gargoyle

Vault maps used:
D:1:      onia_arrival_pyramid, grunt_decor_mini_mirrors
D:2:      fedhas_altar_4, overflow_temple_1_default, first_ration, uniq_robin
D:3:      hangedman_decor_opposing
D:4:      led_xom_imps, lightli_ossuary_entry_decrepit_ruins,
          dk_yredelemnul_ordeal
D:5:      kennysheep_mini
D:6:      serial_shops, nicolae_shop_competitors_out_of_business, uniq_edmund
D:7:      minmay_temple_entry_glass, basic_altar, st_stairs_11, the_bakery,
          uniq_pikel
D:8:      marbit_many_paths, serial_bayou, serial_bayou_lake_a,
          serial_bayou_pond_c, serial_bayou_lagoon_b, serial_bayou_pond_e,
          serial_bayou_pond_e
D:9:      grunt_temple_overflow_open, kennysheep_mini_moat,
          grunt_lair_entry_orc_guard_hut, basic_altar, serial_bayou_crossing
Temple:   nicolae_temple_x_marks_the_god
Ossuary:  ossuary_tomb_2

Skill      XL: |  1  2  3  4  5  6  7  8  9 10 11 |
---------------+----------------------------------+-----
Fighting       | 2 3 4 5 6 7 9 10 | 10.1
Evocations     | 4 5 6 8 9 |  9.0
Hexes          | 1 2 3 5 6 7 |  7.0
Summonings     | 5 6 |  6.3
Short Blades   | |  1.0
Dodging        | |  2.0
Stealth        | |  1.0

Action                   |  1- 3 |  4- 6 |  7- 9 | 10-12 || total
-------------------------+-------+-------+-------+-------++-------
Melee: Short sword       |    28 |       |       |       ||    28
       Hand axe          |    25 |       |       |       ||    25
       Morningstar       |    56 |   256 |    39 |       ||   351
       Mace              |       |       |   249 |       ||   249
       Flail             |       |       |   175 |   167 ||   342
       Dagger            |       |       |       |   343 ||   343
Throw: Javelin           |    18 |       |       |       ||    18
 Cast: Confuse           |       |       |     4 |    49 ||    53
       Call Imp          |       |       |       |     6 ||     6
Invok: Draw Out Power    |       |       |       |     3 ||     3
       Sacrifice Resista |       |       |       |     1 ||     1
Evoke: Wand              |     2 |     9 |    18 |    36 ||    65
  Use: Potion            |     3 |       |       |     1 ||     4
       Scroll            |       |    10 |     3 |     2 ||    15
 Stab: Sleeping          |       |       |     4 |       ||     4
       Confused          |       |       |       |    16 ||    16
       Distracted        |       |       |       |     2 ||     2
       Invisible         |       |       |       |     2 ||     2
  Eat: Chunk             |     2 |     6 |    10 |    21 ||    39
       Ration            |       |     1 |     2 |       ||     3
Armor: Leather armour    |    46 |   102 |   209 |   176 ||   533
       Chain mail        |       |       |    33 |       ||    33
       Skin              |       |       |       |    72 ||    72
Dodge: Dodged            |   112 |   213 |   375 |   260 ||   960

Table legend:
 A = Spawn XP
 B = Non-spawn XP
 C = Spawn XP percentage of total XP
 D = Spawn monster count
 E = Non-spawn monster count
 F = Spawn count percentage of total count
 G = Total turns spent on level
                    A         B        C        D         E        F      G
               +---------+---------+-------+---------+---------+-------+---------
         Total |       0 |    9074 |   0.0 |       0 |     267 |   0.0 | 12946
               +---------+---------+-------+---------+---------+-------+---------
           D:1 |       0 |      30 |   0.0 |       0 |      18 |   0.0 |  1488
           D:2 |       0 |      79 |   0.0 |       0 |      30 |   0.0 |   851
           D:3 |       0 |      44 |   0.0 |       0 |      20 |   0.0 |   868
           D:4 |       0 |     631 |   0.0 |       0 |      29 |   0.0 |  1879
           D:5 |       0 |     553 |   0.0 |       0 |      16 |   0.0 |  1084
           D:6 |       0 |    1013 |   0.0 |       0 |      22 |   0.0 |  1403
           D:7 |       0 |    1985 |   0.0 |       0 |      33 |   0.0 |  1246
           D:8 |       0 |    2424 |   0.0 |       0 |      47 |   0.0 |  1972
           D:9 |       0 |    1981 |   0.0 |       0 |      23 |   0.0 |  1234
       Ossuary |       0 |     334 |   0.0 |       0 |      29 |   0.0 |   809
               +---------+---------+-------+---------+---------+-------+---------
